[Event "Late-Titled-Tuesday-Blitz-April-30-2024"]
[Site "Chess.com"]
[Date "2024.04.30"]
[Round "8"]
[White "Hudijegszid"]
[Black "Ditman2007"]
[Result "1/2-1/2"]
[WhiteElo "2482"]
[BlackElo "2672"]
[TimeControl "180+1"]
[EndTime "15:28:46 PDT"]
[Termination "Game drawn - insufficient material"]

1. Nf3 c5 2. g3 Nc6 3. Bg2 g6 4. c3 Bg7 5. d4 cxd4 6. cxd4 d5 7. O-O Nf6 8. Nc3 O-O 9. Ne5 e6 10. Nxc6 bxc6 11. Na4 Nd7 12. e3 Ba6 13. Re1 Bb5 14. Bd2 Bxa4 15. Qxa4 c5 16. dxc5 Nxc5 17. Qa3 Qb6 18.
Ba5 Bxb2 19. Bxb6 Bxa3 20. Bxc5 Bxc5 21. a4 Rfc8 22. Rec1 Bb4 23. Bf1 a5 24. Bb5 Kg7 25.
Kf1 Kf6 26. Ke2 Ke5 27. Kd1 Bc3 28. Ra2 Rc5 29. Rac2 Rac8 30. Ke2 f6 31. Kd3 Bb4 32. Rxc5 Rxc5 33. Rxc5 Bxc5 34. Bd7 Kd6 35. Bc8 e5 36.
Bb7 Bb4 37. f3 f5 38. h3 e4+ 39. Ke2 Kc5 40. g4 fxg4 41. hxg4 exf3+ 42. Kxf3 Kd6 43. Ba8 Ke5 44. Bb7 h5 45. gxh5 gxh5 46. Ba8 Be1 47. Bb7 h4 48. Bc8 Kd6 49. Bh3 Kc5 50. Bg2 Kb4 51. Ke2 Bg3 52. Bxd5 Kxa4 53. Kf1 Kb4 54. Kg1 Kc3 55. Bg8 Kd3 56. Kh1 Kxe3 57. Ba2 Kf4 58.
Bg8 Kg5 59. Bf7 Kf6 60. Ba2 Ke7 61. Bc4 Kf8 62. Ba2 a4 63. Bc4 a3 64. Ba2 Ke7 65.
Bb3 Kd6 66. Bc4 Bf2 67. Bg8 Be3 68. Bf7 Bd4 69. Kg2 Bf6 70. Kh3 Ke5 71. Kg2 Kf4 72.
Kh1 Kg4 73. Ba2 Kg3 74. Bb3 Kf4 75. Ba2 Kg5 76. Bb3 Kh6 77. Ba2 Be5 78. Bb3 h3 79. Ba2 Kg7 80. Bb3 Kf6 81. Ba2 Ke7 82. Bb3 Kd6 83.
Ba2 Kc5 84. Bg8 Kb4 85. Bf7 Kc3 86. Bg8 Kb2 87. Bf7 Kb1 88. Bg6+ Kc1 89. Bf7 Kd2 90.
Be6 Ke3 91. Ba2 Kf3 92. Bb3 Kf4 93. Ba2 Kg5 94. Bb3 Kf6 95. Ba2 Kg7 96. Bb3 Kf8 97.
Ba2 Ke8 98. Bb3 Kd8 99. Ba2 Kc8 100. Bb3 Kb8 101. Ba2 Ka8 102. Bb3 Ka7 103. Ba2 Kb7 104. Bb3 Kc7 105. Ba2 Kd7 106. Bb3 Ke7 107. Ba2 Kd6 108. Bb3 Kc5 109. Ba2 Kb4 110. Bg8 Kc3 111. Bf7 Kb2 112. Bg8 h2 113. Bf7 Kc1 114. Be6 Kd2 115. Bd5 Kc3 116. Be6 Kd4 117. Bf7 Kc5 118. Bg8 Kd6 119. Bf7 Ke7 120. Ba2 Kf6 121. Bb3 Kg5 122. Ba2 Bf6 123. Bb3 Kf4 124. Ba2 Ke3 125. Bb3 Kd4 126. Ba2 Kc3 127. Kxh2 Be5+ 128. Kg2 Kb2 129. Bg8 Kc3 130. Kf1 Kd4 131. Ke2 Kc3 132. Kd1 Kb2 133. Bf7 Bf4 134. Be6 Bg5 135. Bd5 Bh6 136. Be6 Bg7 137. Bd5 Bf8 138. Be6 Be7 139. Bd5 a2 140. Bxa2 1/2-1/2

[Event "Late-Titled-Tuesday-Blitz-April-30-2024"]
[Site "Chess.com"]
[Date "2024.04.30"]
[Round "8"]
[White "zacachess"]
[Black "karinachess1"]
[Result "0-1"]
[WhiteElo "2364"]
[BlackElo "2605"]
[TimeControl "180+1"]
[EndTime "15:28:46 PDT"]
[Termination "karinachess1 won on time"]

1. e4 e5 2. Nf3 Nc6 3. d4 exd4 4.
Nxd4 Bc5 5. Be3 Qf6 6. c3 Nge7 7. g3 d5 8. Bg2 dxe4 9. Nd2 Qg6 10. Nxe4 Bb6 11.
O-O Nxd4 12. Bxd4 O-O 13. Bxb6 Qxb6 14. Qb3 Be6 15. Qxb6 axb6 16. a3 Bb3 17. Nd2 Bd5 18. Rad1 Bxg2 19. Kxg2 Rfd8 20. Nc4 Nc6 21. f4 f6 22. Kf3 Kf7 23. Ne3 Ne7 24. Rxd8 Rxd8 25. Rd1 Rxd1 26. Nxd1 Ke6 27. Ne3 f5 28. Ke2 g6 29. Kd3 Nc6 30. c4 Ne7 31. b4 c6 32.
Kd4 Nc8 33. a4 Nd6 34. b5 Ne4 35. Nd1 Nc5 36. Nc3 Kd6 37. Ke3 Ne6 38. Kd3 Kc5 39. h3 h5 40. Ne2 Kb4 41. h4 Kxa4 42. bxc6 bxc6 43. Ng1 Nc5+ 44. Kd4 Ne4 45. Nf3 Nxg3 46. Ne5 c5+ 47. Kd3 b5 48. cxb5 Kxb5 49. Nxg6 c4+ 50.
Kd4 Kb4 0-1

[Event "Late-Titled-Tuesday-Blitz-April-30-2024"]
[Site "Chess.com"]
[Date "2024.04.30"]
[Round "8"]
[White "Hrant_ChessMood"]
[Black "jcibarra"]
[Result "1-0"]
[WhiteElo "2960"]
[BlackElo "3001"]
[TimeControl "180+1"]
[EndTime "15:28:48 PDT"]
[Termination "Hrant_ChessMood won by resignation"]

1. d4 Nf6 2. c4 d6 3. Nc3 e5 4.
Nf3 e4 5. Ng5 Qe7 6. g3 h6 7.
Nh3 c6 8. Bg2 Bf5 9. Qb3 g6 10.
e3 Bg7 11. Nf4 g5 12. Nfe2 a6 13. h3 b5 14. g4 Bg6 15. Ng3 O-O 16. Qc2 Re8 17.
b3 Nbd7 18. Ba3 c5 19. dxc5 dxc5 20. Bb2 bxc4 21. O-O cxb3 22. axb3 Ne5 23. Ra4 Nd3 24. Ba1 Nb4 25. Qb1 Qe6 26. Na2 Nfd5 27. Bxg7 Kxg7 28.
Nxb4 cxb4 29. Qa1+ Qf6 30. Qxf6+ Kxf6 31. Rfa1 Re6 32. Bf1 Rb6 33. Bxa6 Nc3 34. Ra5 Rd6 35. Bc4 Rxa5 36. Rxa5 Rd1+ 37. Kg2 Rd2 38. Ra6+ Kg7 39. Rb6 Na2 40. Rb7 Rc2 41. Nf5+ Kf6 42. Nxh6 Nc3 43.
Rb6+ Ke5 44. Nxf7+ Bxf7 45. Bxf7 Nd1 46. Rb5+ Kf6 47.
Rf5+ Ke7 48. Kg3 Nc3 49. Bc4 Rc1 50. Rxg5 Rg1+ 51. Kh2 Rc1 52. Kg2 Nd1 53. Re5+ Kd6 54. Rxe4 Rc2 55. Rd4+ Kc5 56. Rxd1 1-0

[Event "Late-Titled-Tuesday-Blitz-April-30-2024"]
[Site "Chess.com"]
[Date "2024.04.30"]
[Round "8"]
[White "IlanSchnaider"]
[Black "mbojan"]
[Result "0-1"]
[WhiteElo "2740"]
[BlackElo "2943"]
[TimeControl "180+1"]
[EndTime "15:28:49 PDT"]
[Termination "mbojan won by checkmate"]

1. e4 a6 2. d4 e6 3. Nf3 d5 4.
Bd3 dxe4 5. Bxe4 Nf6 6. Bd3 c5 7. Be3 Nbd7 8. O-O cxd4 9. Bxd4 Bc5 10. Bc3 b5 11. Nbd2 b4 12. Bxf6 Nxf6 13. Ne4 Be7 14. Ne5 Bb7 15. Ng5 Qd5 16. Ngf3 O-O 17. Qe2 Qc5 18.
Rad1 a5 19. Ng5 h6 20. Ngf3 Rad8 21. Rfe1 Bd6 22. h3 Bb8 23. Bc4 Nd5 24. Bxd5 Bxd5 25. Nd3 Qc7 26. g3 Ba8 27. Kg2 Rd5 28. Kh2 Qb7 29. Nh4 Rf5 30. f3 Rh5 31. Ng2 Qxf3 32. Qxf3 Bxf3 33. Rd2 Rg5 34. Ndf4 Bxg2 35. Rxg2 Bxf4 36.
gxf4 Rxg2+ 37. Kxg2 Rd8 38. Re2 Rd5 39. Kf3 Kf8 40. c3 bxc3 41. bxc3 Rd3+ 42. Re3 Rxe3+ 43.
Kxe3 Ke7 44. Kd4 Kd6 45. Kc4 Kc6 46. a4 g5 47. fxg5 hxg5 48. Kd4 f5 49. Ke5 f4 50. Ke4 Kc5 51. h4 gxh4 52. Kxf4 Kc4 53. Kg4 Kxc3 54. Kxh4 Kb4 55. Kg4 Kxa4 56. Kf4 Kb3 57. Ke5 a4 58. Kxe6 a3 59. Ke5 a2 60. Ke4 a1=Q 61. Kd3 Qc3+ 62.
Ke2 Qd4 63. Kf3 Qe5 64. Kg4 Qf6 65. Kg3 Qf5 66. Kh4 Qg6 67. Kh3 Kc4 68. Kh2 Kd5 69.
Kh3 Ke4 70. Kh2 Kf3 71. Kh1 Qg2# 0-1

[Event "Late-Titled-Tuesday-Blitz-April-30-2024"]
[Site "Chess.com"]
[Date "2024.04.30"]
[Round "8"]
[White "Durarbayli"]
[Black "grandmastergauri"]
[Result "1-0"]
[WhiteElo "2920"]
[BlackElo "2733"]
[TimeControl "180+1"]
[EndTime "15:28:49 PDT"]
[Termination "Durarbayli won by resignation"]

1. e4 e5 2. Nf3 Nc6 3. d4 exd4 4. Nxd4 Bc5 5. Nb3 Bb6 6. Qe2 a5 7. a4 Qe7 8. Nc3 Nf6 9. Bg5 Nb4 10. e5 h6 11. Bh4 g5 12. Bg3 Nfd5 13. Nxd5 Nxd5 14.
O-O-O Nb4 15. h4 g4 16. h5 d5 17. exd6 Qxe2 18. Bxe2 cxd6 19. Rhe1 O-O 20. Rxd6 Bc7 21. Rxh6 Bxg3 22. fxg3 Bf5 23. c3 Nc6 24. Rf6 Bh7 25. Bxg4 Rfe8 26. Rxe8+ Rxe8 27. Kd2 Ne5 28. Be2 Rd8+ 29.
Nd4 Kg7 30. Rf4 Nc6 31. g4 Ne7 32. g5 Nd5 33. h6+ Kg8 34. Rf1 Bg6 35. Bd3 Bh5 36.
Rf5 Bg6 37. Re5 Bh5 38. Be4 Nf4 39. g3 Ng6 40. Bxg6 Bxg6 41. Rxa5 Rd7 42. Rb5 Kh7 43. a5 Be4 44. Rb6 Rd5 45. Ke3 Bh1 46. Kf4 Rxa5 47. Rf6 Kg8 48. g6 fxg6 49. Rxg6+ Kh7 50.
Rf6 Ra1 51. Nf5 Rf1+ 52. Kg5 Rg1 53. Rf7+ Kg8 54. Rg7+ Kh8 55. Rc7 Be4 56. g4 Bxf5 57. Kxf5 Kg8 58. g5 Kf8 59. Kg6 1-0

[Event "Late-Titled-Tuesday-Blitz-April-30-2024"]
[Site "Chess.com"]
[Date "2024.04.30"]
[Round "8"]
[White "kylelancman"]
[Black "aranibos"]
[Result "1-0"]
[WhiteElo "2510"]
[BlackElo "2317"]
[TimeControl "180+1"]
[EndTime "15:28:49 PDT"]
[Termination "kylelancman won on time"]

1. e4 c6 2. Nf3 d5 3. Nc3 Bg4 4. h3 Bxf3 5. Qxf3 e6 6. Be2 Nf6 7. O-O dxe4 8. Nxe4 Nxe4 9. Qxe4 Qd5 10. Qg4 h5 11.
Qa4 Nd7 12. Bf3 Qf5 13. Qe4 Qxe4 14. Bxe4 Nc5 15. Bf3 O-O-O 16. Re1 g5 17. d3 g4 18. hxg4 hxg4 19. Bxg4 Bd6 20. g3 Rdg8 21. Bf3 Nd7 22. d4 Nf6 23. Bd2 Bxg3 24. fxg3 Rxg3+ 25. Kf2 Rhh3 26. Re3 Rg8 27. Ke2 Rh2+ 28. Kd3 c5 29. c3 Rd8 30. Rh1 Rxh1 31. Bxh1 cxd4 32. cxd4 Ng4 33. Re2 e5 34. Bc3 f5 35. Kc2 e4 36. Bg2 Rg8 37. Bh3 Kd7 38.
Bxg4 Rxg4 39. Bd2 Kd6 40. Rf2 Ke6 41. Bf4 Kd5 42. Kc3 Rh4 43. Be5 Rh3+ 44. Kc2 Ke6 45. Rg2 b5 46. Kd2 b4 47. Rh2 Rd3+ 48. Ke2 Rf3 49. b3 a5 50. Rh6+ Ke7 51. Ra6 f4 52.
Rf6 Re3+ 53. Kf2 Rf3+ 54. Kg2 Rg3+ 55. Kh2 e3 56. Bxf4 Rf3 57. Rf5 1-0

[Event "Late-Titled-Tuesday-Blitz-April-30-2024"]
[Site "Chess.com"]
[Date "2024.04.30"]
[Round "8"]
[White "HipsterChess22"]
[Black "realburq"]
[Result "0-1"]
[WhiteElo "2188"]
[BlackElo "2380"]
[TimeControl "180+1"]
[EndTime "15:28:50 PDT"]
[Termination "realburq won on time"]

1. d4 d5 2. Nc3 c5 3. Bf4 Nf6 4.
e3 e6 5. Nb5 Na6 6. c3 Be7 7.
a4 O-O 8. Nf3 Ne4 9. Be2 Bd7 10.
O-O Bxb5 11. axb5 Nc7 12. Nd2 Nxd2 13. Qxd2 c4 14. b3 cxb3 15. Rfb1 Ne8 16. c4 dxc4 17. Bxc4 Bd6 18. Bxd6 Nxd6 19. Bxb3 Nxb5 20. Bxe6 Nxd4 21. Bxf7+ Rxf7 22. Qxd4 Qxd4 23. exd4 a6 24. Rb6 Rd7 25. Rab1 Ra7 26. g3 a5 27. d5 a4 28. d6 a3 29. Ra1 a2 30. Rb2 Rxd6 31. Rbxa2 Rda6 32. Rxa6 bxa6 33. Ra5 Kf7 34. f4 Ke6 35. Kf2 Kd6 36.
Ke3 Kc6 37. Ke4 Kb6 38. Ra1 a5 39. Kd5 a4 40. Kc4 Ka5 41. Kc3 Rc7+ 42. Kb2 Kb4 43. Re1 a3+ 44. Ka1 Rc3 45. Ka2 Rc2+ 46. Kb1 Rb2+ 47.
Ka1 Rxh2 48. Re7 g6 49. Rb7+ Kc3 50. Rc7+ Kd4 51. Ra7 a2 52. g4 Ke4 53. Ra4+ Kd5 54.
f5 gxf5 55. gxf5 Ke5 56. Ra5+ Kf6 0-1

[Event "Late-Titled-Tuesday-Blitz-April-30-2024"]
[Site "Chess.com"]
[Date "2024.04.30"]
[Round "8"]
[White "HandKnit"]
[Black "simaopdias"]
[Result "0-1"]
[WhiteElo "2493"]
[BlackElo "2353"]
[TimeControl "180+1"]
[EndTime "15:28:52 PDT"]
[Termination "simaopdias won on time"]

1. e4 c5 2. Nf3 g6 3. d4 cxd4 4.
Nxd4 Nc6 5. c4 Bg7 6. Be3 Nf6 7. Nc3 O-O 8. Be2 Nxd4 9. Qxd4 d6 10. Qd2 Bd7 11.
O-O Bc6 12. f3 a5 13. Rad1 Nd7 14. Bd4 Bxd4+ 15. Qxd4 Qb6 16. Qxb6 Nxb6 17. b3 Rfd8 18. f4 Nd7 19. Kf2 Nc5 20. Ke3 Kg7 21. g4 h6 22.
h4 Rac8 23. h5 Ne6 24. hxg6 fxg6 25. Nd5 Bxd5 26. Rxd5 Rc5 27. Rfd1 Rdc8 28. e5 dxe5 29. fxe5 Ng5 30. Bf1 Nf7 31. Kd4 b6 32. Re1 Ng5 33. Bg2 Ne6+ 34. Ke4 Ng5+ 35. Ke3 Nf7 36. Kd4 Ng5 37.
Rd7 Ne6+ 38. Ke4 Rxc4+ 39. bxc4 Nc5+ 40. Kd5 Nxd7 41. Ke6 Nf8+ 42. Kxe7 Rxc4 43. e6 Rd4 44. Rf1 Nh7 45. Rf7+ Kg8 46. Bc6 Rd2 47. a4 h5 48. gxh5 gxh5 49. Rf1 Kg7 50. Rg1+ Kh8 51. Ke8 Nf6+ 52. Kf7 Ng4 53. e7 Rf2+ 54. Ke8 Nf6+ 55.
Kd8 Rd2+ 56. Kc8 Re2 0-1

[Event "Late-Titled-Tuesday-Blitz-April-30-2024"]
[Site "Chess.com"]
[Date "2024.04.30"]
[Round "8"]
[White "oskariot"]
[Black "Sanan_Sjugirov"]
[Result "1-0"]
[WhiteElo "2764"]
[BlackElo "2985"]
[TimeControl "180+1"]
[EndTime "15:28:53 PDT"]
[Termination "oskariot won by checkmate"]

1. e4 c6 2. d4 d5 3. Nd2 dxe4 4. Nxe4 Nf6 5. Nxf6+ exf6 6. Be2 Bd6 7. Bf3 O-O 8. Ne2 Re8 9. O-O Qc7 10. h3 Nd7 11. c4 Nf8 12. c5 Be7 13. Bf4 Qd8 14. b4 Ne6 15. Be3 Nc7 16. Nc3 Be6 17. a4 Nd5 18.
Bxd5 Bxd5 19. Re1 Qd7 20. b5 Be6 21. Qf3 f5 22. Rad1 Bf6 23. d5 Bxc3 24. dxe6 Qxe6 25. Bd2 Be5 26. Bf4 f6 27. Rd6 Qc4 28. Bxe5 fxe5 29. bxc6 bxc6 30. Rxc6 Qxa4 31. Qd5+ Kh8 32. Rd6 Qa5 33. Rd1 Rac8 34. Rc6 h6 35. Rc1 Qa3 36. Rd1 Qc3 37. Rd3 Qc1+ 38. Kh2 Qf4+ 39. Kg1 e4 40. Rd1 e3 41. fxe3 Qxe3+ 42. Kh1 Qe2 43. Rd6 f4 44. Qd4 f3 45. Rxh6+ Kg8 46. Qd5+ Kf8 47. Rh8+ Ke7 48. Qd6+ Kf7 49. Qd5+ Kg6 50. Qh5+ Kf6 51. Rd6+ Re6 52.
Rxe6+ Kxe6 53. Qg4+ Kf7 54. Rxc8 Qe1+ 55. Kh2 f2 56.
Qf5+ Ke7 57. Rc7+ Ke8 58. Qf7+ Kd8 59. Qd7# 1-0

[Event "Late-Titled-Tuesday-Blitz-April-30-2024"]
[Site "Chess.com"]
[Date "2024.04.30"]
[Round "8"]
[White "mishanick"]
[Black "Polish_fighter3000"]
[Result "1-0"]
[WhiteElo "3125"]
[BlackElo "3081"]
[TimeControl "180+1"]
[EndTime "15:28:54 PDT"]
[Termination "mishanick won by resignation"]

1. d4 Nf6 2. c4 e6 3. Nc3 Bb4 4.
e3 O-O 5. Bd3 Bxc3+ 6. bxc3 d6 7. Ne2 e5 8. O-O e4 9. Bc2 Re8 10. f3 Bf5 11. Ng3 Bg6 12. f4 h6 13. f5 Bh7 14.
Rf4 Nbd7 15. Nxe4 Nxe4 16. Bxe4 Rxe4 17. Rxe4 Bxf5 18. Rf4 Bg6 19. Qf3 Rb8 20. e4 Qe7 21.
Ba3 Qe6 22. c5 dxc5 23. Bxc5 Nxc5 24. dxc5 Re8 25. Re1 Qxa2 26. e5 Qd2 27. Qe3 Qd5 28. h3 Kh7 29. Qd4 Qc6 30. Kh2 Re7 31. h4 h5 32. c4 Rd7 33. Qf2 Qe6 34. Re3 Rd1 35. Qf3 Rb1 36. Qd5 Bf5 37. Ref3 g6 38. Qxe6 fxe6 39.
Rd4 Kh6 40. Rd7 c6 41. Rf7 Re1 42. Rb3 Re4 43. g3 Rxe5 44. Rbxb7 g5 45. Rf6+ Bg6 46. Re7 gxh4 47. Rexe6 hxg3+ 48. Kxg3 Rg5+ 49. Kh2 a5 50. Rxc6 a4 51. Ra6 Kg7 52. Rfc6 Bf7 53. Rc7 Rg4 54.
Rxa4 Kg6 55. Ra6+ Kg7 56. Raa7 Rf4 57. c6 1-0

[Event "Late-Titled-Tuesday-Blitz-April-30-2024"]
[Site "Chess.com"]
[Date "2024.04.30"]
[Round "8"]
[White "nicolasbatista3"]
[Black "Iskusnyh"]
[Result "1-0"]
[WhiteElo "2458"]
[BlackElo "2610"]
[TimeControl "180+1"]
[EndTime "15:28:55 PDT"]
[Termination "nicolasbatista3 won on time"]

1. d4 d5 2. c4 c6 3. Nc3 Nf6 4.
Nf3 e6 5. Bg5 Nbd7 6. e3 h6 7. Bh4 Be7 8. cxd5 Nxd5 9. Bg3 Qa5 10. Qc2 Bb4 11. Rc1 Qxa2 12. Bd3 b6 13. O-O Nxc3 14.
bxc3 Qxc2 15. Rxc2 Be7 16. Ra1 Bb7 17. Rca2 a5 18. Nd2 Ba6 19. c4 c5 20. Ne4 O-O 21. Bf1 Rfc8 22. d5 exd5 23. cxd5 Bxf1 24. Kxf1 Nf6 25.
Nc3 c4 26. d6 Bd8 27. e4 Nd7 28. Nd5 b5 29. Nc7 Bxc7 30. dxc7 Nf6 31. Rxa5 Rxa5 32. Rxa5 Nxe4 33. Bf4 g5 34. Be5 f6 35. Bg3 Nxg3+ 36. hxg3 Rxc7 37. Rxb5 c3 38. Rb1 Kf7 39. Ke2 Ke6 40.
Kd3 Kd5 41. Rb5+ Kd6 42. Rb6+ Ke5 43. Rb5+ Ke6 44. Kc2 h5 45. f4 h4 46. fxg5 f5 47.
gxh4 Rc4 48. h5 Rg4 49. g6 Rxg2+ 50. Kxc3 Rg5 51. Rb6+ Ke7 52. h6 f4 53. h7 Rg2 54.
h8=Q 1-0

[Event "Late-Titled-Tuesday-Blitz-April-30-2024"]
[Site "Chess.com"]
[Date "2024.04.30"]
[Round "8"]
[White "IngOscarArdila"]
[Black "DeArron_Fox"]
[Result "0-1"]
[WhiteElo "2329"]
[BlackElo "2509"]
[TimeControl "180+1"]
[EndTime "15:29:00 PDT"]
[Termination "DeArron_Fox won by checkmate"]

1. d4 d5 2. Nf3 Nf6 3. e3 c5 4. c3 Nc6 5. Nbd2 e6 6. Bb5 Bd7 7. O-O Bd6 8. Re1 O-O 9. dxc5 Bxc5 10. e4 Bxf2+ 11. Kxf2 Qb6+ 12. Kf1 Qxb5+ 13. Qe2 Qb6 14. Qf2 Qxf2+ 15. Kxf2 Rfe8 16. e5 Ng4+ 17. Kg3 Nh6 18. Kf4 f6 19. Nb3 Nf7 20. exf6 gxf6 21. Nc5 e5+ 22. Kg3 Bc8 23. Bd2 b6 24. Nb3 Nd6 25. Kf2 a5 26. Kg1 a4 27. Nc1 Nc4 28. b3 axb3 29.
Nxb3 Bf5 30. Bh6 Ra3 31. Nh4 Bc2 32. Rf1 Rea8 33. Nc1 Rxc3 34. Rxf6 Nd4 35. Nb3 Rxb3 36. Raf1 Rb1 37. Rxb1 Bxb1 38. a4 Bc2 39. g4 Bxa4 40. g5 b5 41. Ng2 b4 42. h4 b3 43. h5 b2 44. g6 b1=Q+ 45. Kh2 hxg6 46. hxg6 Qe4 47.
g7 Nf3+ 48. Kg3 Kh7 49. Rf8 Qg6+ 50. Kf2 Nfd2 51. Rh8+ Rxh8 52. gxh8=Q+ Kxh8 53. Bxd2 Nxd2 54. Ne3 Ne4+ 55. Ke2 d4 56. Nd5 Bb5+ 57. Kd1 Qc6 58. Ne7 Nc3+ 59. Ke1 Qg2 60. Ng6+ Qxg6 61. Kd2 Qd3+ 62.
Kc1 Qd1+ 63. Kb2 Qb1+ 64. Ka3 Qa2+ 65. Kb4 Qc4+ 66. Ka5 Qa4+ 67. Kb6 Qa6+ 68. Kc5 Qc6+ 69. Kb4 Nd5+ 70. Ka5 Qa6# 0-1

[Event "Late-Titled-Tuesday-Blitz-April-30-2024"]
[Site "Chess.com"]
[Date "2024.04.30"]
[Round "8"]
[White "Yerkinio"]
[Black "alexrustemov"]
[Result "0-1"]
[WhiteElo "2659"]
[BlackElo "2888"]
[TimeControl "180+1"]
[EndTime "15:29:01 PDT"]
[Termination "alexrustemov won on time"]

1. e4 e6 2. d4 d5 3. Nc3 dxe4 4. Nxe4 Bd7 5. Nf3 Bc6 6. Bd3 Nd7 7. O-O Ngf6 8. Ng3 Be7 9. c3 O-O 10. Re1 b6 11. a4 Bb7 12. a5 bxa5 13. Rxa5 c5 14.
Ra1 Bxf3 15. Qxf3 cxd4 16. cxd4 a5 17. Bd2 Bb4 18. Bc3 Nd5 19. Ne4 N7f6 20. Nxf6+ Nxf6 21. g3 Rb8 22. h4 h6 23. Bc4 Qc7 24. Ba2 Rfc8 25.
Rac1 Qd6 26. Red1 Rd8 27. Kg2 a4 28. Rd2 a3 29. bxa3 Bxa3 30. Rcd1 Bb4 31. Bxb4 Rxb4 32. d5 e5 33. Rc2 e4 34. Qe2 Qe5 35. Rcd2 Rb6 36.
Qe3 Rbd6 37. Qd4 Re8 38. Qxe5 Rxe5 39. Rd4 g6 40. Kf1 Kg7 41. Ke2 Ng4 42. Bb3 f5 43.
Ba4 g5 44. hxg5 hxg5 45. Bc6 Nf6 46. R1d2 Kg6 47. Ke3 Ng4+ 48. Ke2 Re7 49. Rd1 Nf6 50. Rh1 Ra7 51. Rhd1 Ra5 52. R1d2 Rc5 53. Rd1 Ng4 54.
R1d2 Ne5 55. Rd1 Nf3 56. Rb4 Rc2+ 57. Ke3 Kf6 58. Rb8 Rc3+ 59. Ke2 Rc2+ 60. Ke3 Ne5 61. Rf8+ Kg6 62. f4 Ng4+ 63. Kd4 Rcxc6 0-1

[Event "Late-Titled-Tuesday-Blitz-April-30-2024"]
[Site "Chess.com"]
[Date "2024.04.30"]
[Round "8"]
[White "ImportedItalianMaple"]
[Black "Casablanca"]
[Result "0-1"]
[WhiteElo "2458"]
[BlackElo "2635"]
[TimeControl "180+1"]
[EndTime "15:29:01 PDT"]
[Termination "Casablanca won on time"]

1. e4 c5 2. Nf3 d6 3. Bb5+ Bd7 4. Bxd7+ Qxd7 5. O-O Nf6 6. e5 dxe5 7. Nxe5 Qc7 8.
Re1 Nbd7 9. Qe2 Nxe5 10. Qxe5 Qxe5 11. Rxe5 e6 12. d3 Bd6 13. Re1 Kd7 14. Nd2 b5 15.
Ne4 Nd5 16. b3 f6 17. c4 Nb4 18. Be3 Nc2 19. Bxc5 Bxc5 20. Nxc5+ Kc6 21. Nxe6 Nxe1 22.
Rxe1 bxc4 23. bxc4 Rhe8 24. d4 Rab8 25. d5+ Kd6 26.
Rd1 Rb2 27. c5+ Kd7 28. Nxg7 Ree2 29. c6+ Kd6 30. Nf5+ Kc7 31. d6+ Kxc6 32. Nd4+ Kd7 33. Nxe2 Rxe2 34. Ra1 a5 35. a4 Kxd6 36. Kf1 Rb2 37.
Rd1+ Kc5 38. Rd7 Rb4 39. Rxh7 Rxa4 40. h4 Ra1+ 41. Ke2 a4 42. Ra7 Kb6 43. Rf7 a3 44.
Rxf6+ Kb5 45. Rf8 Rh1 46. Ra8 Kb4 47. g3 Kb3 48. f4 a2 49. Kf3 a1=Q 50. Rxa1 Rxa1 51.
h5 Kc4 52. f5 Kd5 53. Kf4 Kd6 54. Kg5 Ke7 55. g4 Kf7 56. Kh6 Ra6+ 57. Kg5 Kg7 58.
Kh4 Ra4 59. Kg5 Ra6 60. Kh4 Kf6 61. h6 Ra1 62. g5+ Kxf5 0-1

[Event "Late-Titled-Tuesday-Blitz-April-30-2024"]
[Site "Chess.com"]
[Date "2024.04.30"]
[Round "8"]
[White "Russian_berezka"]
[Black "Vincefm"]
[Result "0-1"]
[WhiteElo "2606"]
[BlackElo "2466"]
[TimeControl "180+1"]
[EndTime "15:29:01 PDT"]
[Termination "Vincefm won by resignation"]

1. d4 Nf6 2. c4 e6 3. Nc3 Bb4 4. e3 O-O 5. Bd2 d5 6. Nf3 c5 7.
a3 Bxc3 8. Bxc3 Ne4 9. Qc2 Nxc3 10. Qxc3 cxd4 11. Nxd4 e5 12. Nf3 d4 13. exd4 exd4 14. Nxd4 Re8+ 15. Be2 Nc6 16. O-O-O Nxd4 17. Qxd4 Qg5+ 18.
f4 Qa5 19. Bf3 Be6 20. Kb1 Rac8 21. Bd5 Bxd5 22. Qxd5 Qxd5 23. cxd5 Re2 24. Rc1 Rd8 25. Rhd1 Kf8 26. Rc2 Re4 27. g3 Rd7 28. d6 Re8 29. Rc7 Red8 30. Kc2 Ke8 31. Re1+ Kf8 32. Rd1 Ke8 33.
Kc3 Rxd6 34. Rxd6 Rxd6 35. Rxb7 Rc6+ 36. Kd3 Rd6+ 37. Kc4 a6 38. b4 Rd2 39. Kc5 Rxh2 40. Kb6 Ra2 41. Kxa6 Rxa3+ 42. Kb6 Rxg3 43. b5 h5 44. Ra7 h4 45. Ra2 h3 46. Rh2 f6 47.
Ka7 g5 48. fxg5 fxg5 49. b6 g4 50. b7 Ra3+ 51. Kb6 Rb3+ 52. Ka7 Kf7 53. b8=Q Rxb8 54.
Kxb8 Kg6 55. Kc7 Kg5 56. Kd6 Kh4 57. Ke5 g3 58. Ra2 g2 59. Ra1 h2 60. Kf4 g1=Q 0-1

[Event "Late-Titled-Tuesday-Blitz-April-30-2024"]
[Site "Chess.com"]
[Date "2024.04.30"]
[Round "8"]
[White "Andrii_Prydun"]
[Black "VD_coach"]
[Result "0-1"]
[WhiteElo "2377"]
[BlackElo "2537"]
[TimeControl "180+1"]
[EndTime "15:29:02 PDT"]
[Termination "VD_coach won by resignation"]

1. e4 c5 2. Nf3 d6 3. Bb5+ Bd7 4. Qe2 Bxb5 5. Qxb5+ Qd7 6. a4 Nf6 7. e5 a6 8. Qxd7+ Nfxd7 9. exd6 e6 10. b3 Bxd6 11.
Bb2 f6 12. Na3 Nc6 13. Nc4 Bc7 14. d4 cxd4 15. Nxd4 Nxd4 16. Bxd4 e5 17. Be3 Ke7 18. O-O b5 19. axb5 axb5 20. Na3 Rhb8 21. Nxb5 Rxa1 22.
Nxc7 Rxf1+ 23. Kxf1 Kd6 24. Na6 Rb5 25. b4 Rb7 26. c4 Nb8 27. Nxb8 Rxb8 28. b5 f5 29. f3 f4 30. Bf2 Ra8 31. Ke2 Ra2+ 32. Ke1 Rc2 33. c5+ Kd5 34. c6 Kd6 35. Bg1 Rc1+ 36. Kf2 Rb1 37. g3 Rxb5 38. gxf4 exf4 39. Kg2 Rb1 40. Bd4 g6 41. Bf6 Kxc6 42. Be5 Kd5 43.
Bxf4 Kd4 44. Kg3 Kd3 45. Kg2 Ke2 46. Bg5 Rf1 47. f4 Rb1 48. Bf6 Rb5 49. Be5 Rb3 50.
Bf6 Rd3 51. Be5 Ke3 52. Kg3 Ke4+ 53. Kg2 Rf3 54. h4 Rxf4 55. Bxf4 Kxf4 56. h5 Kg4 57. hxg6 hxg6 0-1

[Event "Late-Titled-Tuesday-Blitz-April-30-2024"]
[Site "Chess.com"]
[Date "2024.04.30"]
[Round "8"]
[White "Roedor"]
[Black "Mikhal867"]
[Result "1/2-1/2"]
[WhiteElo "2378"]
[BlackElo "2530"]
[TimeControl "180+1"]
[EndTime "15:29:05 PDT"]
[Termination "Game drawn by stalemate"]

1. c4 c5 2. g3 Nf6 3. Bg2 d5 4.
cxd5 Nxd5 5. Nf3 Nc6 6. O-O e5 7. Nc3 Nc7 8. d3 Be7 9. Be3 Bd7 10. Rc1 O-O 11. a3 Rc8 12. b4 cxb4 13. axb4 Bxb4 14. Qb3 a5 15. Ne4 Be6 16. Qb2 Nd5 17. Bc5 f6 18. Bxf8 Qxf8 19. d4 Ba3 20. Qxb7 Bxc1 21. Rxc1 Nxd4 22.
Rxc8 Qxc8 23. Qxc8+ Bxc8 24. Nxd4 exd4 25. Nd6 Be6 26.
Nb7 Nc3 27. Nxa5 Nxe2+ 28. Kf1 Nc1 29. Ke1 Nd3+ 30. Ke2 Ne5 31. f4 Nc4 32. Nc6 Bg4+ 33. Kd3 Ne3 34. Be4 Nf1 35. Bd5+ Kf8 36. Nxd4 Nxh2 37.
Ke3 Nf1+ 38. Kf2 Nd2 39. Nc6 Nb1 40. Ke3 Nc3 41. Bg2 Be6 42. Nd4 Bf7 43. Nf5 g6 44.
Kd4 Ne2+ 45. Ke3 Nc1 46. Nd4 Nb3 47. f5 Nxd4 48. Kxd4 gxf5 49. Bh3 Be6 50. Ke3 Ke7 51. Kf4 Kd6 52. Bxf5 Bxf5 53. Kxf5 Ke7 54. g4 Kf7 55. g5 fxg5 56. Kxg5 Kg7 57. Kh5 h6 58. Kh4 Kg6 59. Kh3 h5 60. Kh2 Kg5 61. Kh1 Kg4 62. Kh2 Kh4 63.
Kh1 Kh3 64. Kg1 h4 65. Kh1 Kg3 66. Kg1 h3 67. Kh1 h2 1/2-1/2

[Event "Late-Titled-Tuesday-Blitz-April-30-2024"]
[Site "Chess.com"]
[Date "2024.04.30"]
[Round "8"]
[White "kalinchick"]
[Black "ChessSwole"]
[Result "0-1"]
[WhiteElo "2476"]
[BlackElo "2670"]
[TimeControl "180+1"]
[EndTime "15:29:08 PDT"]
[Termination "ChessSwole won by checkmate"]

1. Nf3 Nf6 2. g3 g6 3. Bg2 Bg7 4. O-O O-O 5. d4 d6 6. c4 Nbd7 7. Nc3 e5 8. dxe5 dxe5 9. Qc2 c6 10. h3 Qe7 11. e4 Nc5 12. Be3 a5 13. Rfd1 Nh5 14.
Rd2 Be6 15. b3 Rfd8 16. Rad1 Rxd2 17. Qxd2 a4 18. b4 Na6 19. b5 Nc5 20. Qd6 Bf8 21. Bxc5 Qf6 22. Qxe5 Qxe5 23. Nxe5 Bxc5 24. Kf1 f6 25.
Nd7 Bxc4+ 26. Ke1 Bb4 27. Kd2 cxb5 28. Kc2 Kf7 29. Nb6 Re8 30. Nxc4 bxc4 31. Nxa4 Ra8 32.
Nb2 Rxa2 33. Rd7+ Ke6 34. Rxb7 Bc5 35. Kc3 Bxf2 36. Bf3 Nxg3 37. Nxc4 h5 38. Rg7 g5 39. Rh7 Ra7 40. Rxa7 Bxa7 41. Kd3 Bb8 42. Nd2 Bf4 43.
Nc4 h4 44. Nb6 Be5 45. Nd5 Kd6 46. Ne3 Bf4 47. Ng4 Ke6 48. Ne3 Bd6 49. Ng4 Nh5 50. Ne3 Nf4+ 51. Kd2 Kf7 52. Bg4 Bc5 53. Nf5 Ke6 54.
Kc3 Ke5 55. Ng3 hxg3 56. Bf3 g2 57. Bxg2 Nxg2 58. Kd3 Nf4+ 59. Kc4 Nxh3 60. Kxc5 Kxe4 61. Kd6 f5 62. Ke6 f4 63. Kf7 f3 64. Kg6 f2 65.
Kh5 f1=Q 66. Kg4 Qg2+ 67. Kh5 g4 68. Kh4 g3 69. Kh5 Kf4 70. Kh4 Qc6 71. Kh5 Qb6 72.
Kh4 Qh6# 0-1